 Dungeon Crawl Stone Soup version 0.29.1-12-g30fa7ad0bf (webtiles) character file.

Game seed: 17019867893374753916

1480 wingedge the Caller (level 8, -4/65 (67) HPs)
             Began as a Green Draconian Wanderer on Dec 31, 2022.
             Slain by a wight
             ... wielding a +3 battleaxe
              (9 damage)
             ... on level 6 of the Dungeon.
             The game lasted 00:20:13 (6147 turns).

wingedge the Caller (Green Draconian Wanderer)      Turns: 6147, Time: 00:20:14

HP:   -4/65 (67)    AC:  8    Str: 12    XL:     8   Next: 50%
MP:   15/15         EV: 12    Int: 21    God:
Gold: 445           SH:  6    Dex: 13    Spells: 11/16 levels left

rFire   . . .      SeeInvis .   o - +1 rapier (elec)
rCold   . . .      Faith    .   d - +2 buckler
rNeg    . . .      Spirit   .   (body armour unavailable)
rPois   +          Reflect  .   (helmet restricted)
rElec   .          Harm     .   b - +0 cloak
rCorr   +          Rampage  .   (no gloves)
Will    .....                   e - +0 pair of boots
Stlth   ++........              (no amulet)
HPRegen 0.20/turn               a - ring of resist corrosion
MPRegen 0.14/turn               y - +6 ring of intelligence

@: lightly drained
A: breathe noxious fumes, AC +6, unfitting armour, poison resistance,
cold-blooded
a: Breathe Noxious Fumes


You were on level 6 of the Dungeon.
You visited 1 branch of the dungeon, and saw 6 of its levels.

You collected 445 gold pieces.

Inventory:

Hand Weapons
 k - the +4 rapier of the Apocalypse {flame, Drain +Blink rN+ Dex+2}
   (You found it on level 3 of the Dungeon)

   It burns those it strikes, dealing additional fire damage.
   Dex:       It affects your dexterity (+2).
   rN:        It protects you from negative energy.
   +Blink:    It lets you blink.
   Drain:     It drains your maximum health when unequipped.
 o - a +1 rapier of electrocution (weapon)
 u - a +2 dagger of holy wrath
 G - a +4 great sword of freezing
Missiles
 v - 6 boomerangs
Armour
 b - a +0 cloak (worn)
 d - a +2 buckler (worn)
 e - a +0 pair of boots (worn)
Magical Staves
 A - a staff of air
Jewellery
 a - a ring of resist corrosion (left hand)
 y - a +6 ring of intelligence (right hand)
Wands
 B - a wand of light (7) (quivered)
 D - a wand of polymorph (7)
Scrolls
 i - 2 scrolls of magic mapping
 j - a scroll of enchant weapon {unknown}
 l - 2 scrolls of blinking {unknown}
 m - 3 scrolls of teleportation
 n - a scroll of poison {unknown}
 p - a scroll of enchant armour {unknown}
 q - a scroll of butterflies {unknown}
 r - 2 scrolls of vulnerability {unknown}
 s - 3 scrolls of amnesia
 x - a scroll of immolation {unknown}
 C - a scroll of torment {unknown}
 E - a scroll of fear {unknown}
Potions
 c - a potion of invisibility
 g - 2 potions of might {unknown}
 h - 2 potions of curing {unknown}
 t - 2 potions of brilliance {unknown}
 w - a potion of attraction {unknown}
 z - 2 potions of berserk rage {unknown}
 F - a potion of cancellation {unknown}


   Skills:
 + Level 4.6 Fighting
 - Level 0.8(1.0) Short Blades
 + Level 0.5(0.8) Long Blades
 - Level 3.0 Dodging
 + Level 1.8 Stealth
 - Level 2.0 Shields
 + Level 4.9 Spellcasting
 - Level 2.0 Conjurations
 - Level 5.0 Summonings
 + Level 2.0 Necromancy
 + Level 3.0 Air Magic
 + Level 4.7 Poison Magic
 - Level 1.0 Evocations


You had 11 spell levels left.
You knew the following spells:

 Your Spells              Type           Power      Damage    Failure   Level
b - Call Imp              Summ           26%        N/A       2%          2
c - Mephitic Cloud        Conj/Pois/Air  18%        N/A       11%         3

Your spell library contained the following spells:

 Spells                   Type           Power      Damage    Failure   Level
 Summon Small Mammal      Summ           100%       N/A       1%          1
 Poisonous Vapours        Pois/Air       42%        N/A       4%          2
 Magic Dart               Conj           52%        1d5       6%          1
 Summon Guardian Golem    Hex/Summ       15%        N/A       16%         3
 Corpse Rot               Necr/Pois/Air  18%        N/A       36%         4
 Summon Forest            Summ/Tloc      7%         N/A       82%         5
 Eringya's Noxious Bog    Tmut/Pois      7%         N/A       100%        6
 Summon Hydra             Summ           13%        N/A       100%        7


Dungeon Overview and Level Annotations

Branches:
Dungeon (6/15)
 Temple: D:4-7

Altars:
Hepliaklqana
Nemelex Xobeh
Trog
Vehumet
Wu Jian
The Shining One

Annotations:
D:4 3 runed translucent doors, soggyman666's ghost, amateur MiFi


Innate Abilities, Weirdness & Mutations

You can breathe blasts of noxious fumes.
Your lurid green scales are hard. (AC +6)
You cannot fit into any form of body armour.
Your system is resistant to poisons. (rPois)
You are cold-blooded and may be slowed by cold attacks.


Message History

The blast of choking fumes hits the orc.
The orc is moderately wounded.
A wight comes into view. It is wielding a +0 battleaxe.
The ice beast hits you but does no damage.
The orc is engulfed in noxious fumes.
The orc appears confused.
The wight hits you with a +2 long sword.
You feel drained.
Unknown command.
Unknown command.
You completely miss the ice beast.
The ice beast is almost dead.
The ice beast completely misses you. The wight closely misses you.
You hit the ice beast.
You kill the ice beast!
The wight closely misses you. The wight barely misses you.
Your life force feels restored.
Your Necromancy skill increases to level 2!
Your Air Magic skill increases to level 3!
You hit the orc but do no damage.
The orc is moderately wounded.
A wight comes into view. It is wielding a +3 battleaxe.
You have got your breath back.
You block the wight's attack. The orc closely misses you.
The wight barely misses you. The wight hits you but does no damage.
The orc misses the wight.
You hit the wight.
You tail-slap the wight, but do no damage.
The wight is moderately damaged.
The wight hits you but does no damage. The wight completely misses you.
The wight closely misses you.
As you read the scroll labelled TOEGGI OCOSK, it crumbles to dust.
It is a scroll of amnesia.
Forget Summon Small Mammal, freeing 1 spell level for a total of 11?
Your memory of Summon Small Mammal unravels.
The wight hits you with a +0 battleaxe!
* * * LOW HITPOINT WARNING * * *
You feel drained.
* * * LOW HITPOINT WARNING * * *
The wight hits you with a +3 battleaxe!
You die...

#..####.#
#........
..###......
#. # .....)..
#. #. #...#
#.##.####).)#
#......##.).#
#..# #.##z..#
#..# #.z@zo.#
#..###.####.#
#......# #.#
#..#.### #.#
#..#.# #.#
#..#.. .#
#..########
#..........
##.########


You could see 3 wights and an orc (confused).

Vanquished Creatures
  Eustachio (D:5)
  An ice beast (D:6)
  A black bear (D:5)
  2 ogres (D:5)
  A centaur (D:4)
  A phantom (D:4)
  A necrophage (D:6)
  4 scorpions
  A wight (D:6)
  An orc priest (D:3)
  3 hounds
  2 iguanas (D:5)
  An orc wizard (D:4)
  4 gnolls
  6 adders
  2 shadow imps (D:6)
  A white imp (D:5)
  2 ufetubi (D:4)
  5 worms
  A dart slug (D:2)
  11 orcs
  6 bats
  5 endoplasms
  4 giant cockroaches
  9 goblins
  8 hobgoblins
  7 jackals
  5 kobolds
  2 quokkas
  7 ball pythons
  A frilled lizard (D:1)
  6 rats
112 creatures vanquished.

Vanquished Creatures (collateral kills)
  A jelly (D:6)
  An adder (D:4)
  3 orcs
  An endoplasm (D:4)
  A hobgoblin (D:4)
  A quokka (D:4)
  A frilled lizard (D:1)
  A goblin (D:4)
  2 rats (D:1)
12 creatures vanquished.

Grand Total: 124 creatures vanquished

Notes
Turn   | Place    | Note
-------+----------+-------------------------------------------
     0 | D:1      | wingedge the Draconian Wanderer began the quest for the
                  | Orb.
     0 | D:1      | wingedge set off with the following items: a +0 dagger, a
                  | +0 cloak, a potion of invisibility, a +2 buckler; and the
                  | following spell memorised: Summon Small Mammal; and the
                  | following spells available to memorise: Summon Guardian
                  | Golem.
     0 | D:1      | Reached XP level 1. HP: 14/14 MP: 4/4
   272 | D:1      | Reached skill level 1 in Fighting
   284 | D:1      | Reached XP level 2. HP: 23/23 MP: 6/6
   543 | D:1      | Reached XP level 3. HP: 28/30 MP: 7/7
  1527 | D:2      | Reached skill level 1 in Summonings
  1931 | D:3      | Reached XP level 4. HP: 38/38 MP: 8/8
  1943 | D:2      | Reached skill level 2 in Summonings
  2210 | D:3      | Reached skill level 3 in Summonings
  2330 | D:2      | Learned a level 2 spell: Call Imp
  2424 | D:3      | Reached XP level 5. HP: 45/45 MP: 9/9
  2463 | D:3      | Found a glowing golden altar of the Shining One.
  2499 | D:3      | Found a radiant altar of Vehumet.
  2521 | D:3      | Identified the +4 rapier of the Apocalypse {flame, Drain
                  | +Blink rN+ Dex+2}
  2775 | D:3      | Found a faded altar of an unknown god.
  3370 | D:4      | Noticed a phantom
  3378 | D:4      | Killed a phantom
  3379 | D:4      | Reached skill level 1 in Air Magic
  3379 | D:4      | Reached skill level 1 in Poison Magic
  3379 | D:4      | Reached XP level 6. HP: 51/51 MP: 7/11
  3456 | D:4      | Reached skill level 4 in Summonings
  3517 | D:4      | Reached skill level 1 in Conjurations
  3573 | D:4      | Learned a level 3 spell: Mephitic Cloud
  3685 | D:4      | Found a runed translucent gate.
  3686 | D:4      | Found a runed translucent gate.
  3686 | D:4      | Found a runed translucent gate.
  3687 | D:4      | Noticed soggyman666's ghost (amateur MiFi)
  3935 | D:4      | Found a bloodstained altar of Trog.
  3991 | D:4      | Found a sparkling altar of Nemelex Xobeh.
  4270 | D:5      | Entered Level 5 of the Dungeon
  4280 | D:5      | Your scales start taking on a lurid green colour.
  4280 | D:5      | Reached XP level 7. HP: 55/58 MP: 9/12
  4280 | D:5      | Gained mutation: Your system is resistant to poisons.
                  | (rPois) [Green Draconian growth]
  4613 | D:5      | Noticed Eustachio
  4629 | D:5      | Killed Eustachio
  4766 | D:5      | Found a hazy altar of Hepliaklqana.
  4825 | D:5      | Found an ornate altar of the Wu Jian Council.
  5115 | D:5      | Reached skill level 5 in Summonings
  5115 | D:5      | Reached XP level 8. HP: 66/66 MP: 10/14
  5293 | D:5      | Reached skill level 1 in Necromancy
  6147 | D:6      | Slain by a wight

Illustrated notes

Levels and vault maps discovered:
D:1:      dpeg_arrival_morbid_curiosity, layout_loops_ring, item_on_display_a
D:2:      layout_loops_ring, minmay_pentomino_o2
D:3:      layout_rooms, tso_metal_star, mainiacjoe_overflow_tiny_flanked,
          nicolae_ecumenical_lake_church
D:4:      layout_basic, marbit_many_paths, nemelex_diamond_rough_becter,
          gammafunk_ghost_necromancy, dk_noncrumbling_2, corexii_corridor_pit
D:5:      layout_loops_corners, nzn_hepliaklqana_mist_gate,
          amcnicky_altar_gilded, ebering_dispersal_statue_hall, uniq_eustachio
D:6:      layout_loops_ring, nicolae_elevator_lobby_asterisk

Skill      XL: |  1  2  3  4  5  6  7  8 |
---------------+-------------------------+-----
Dodging        | 3 |  3.0
Fighting       | 1 2 3 4 |  4.6
Summonings     | 1 3 4 5 |  5.0
Air Magic      | 1 2 3 |  3.0
Poison Magic   | 1 2 4 |  4.7
Conjurations   | 1 2 |  2.0
Spellcasting   | 4 |  4.9
Necromancy     | 2 |  2.0
Short Blades   | |  0.8
Long Blades    | |  0.5
Stealth        | |  1.8
Shields        | |  2.0
Evocations     | |  1.0

Action                   |  1- 3 |  4- 6 |  7- 9 || total
-------------------------+-------+-------+-------++-------
Melee: Dagger            |    19 |       |    11 ||    30
       Short sword       |    46 |       |       ||    46
       Tailslap          |    22 |    12 |    18 ||    52
       Spear             |    33 |       |       ||    33
       Rapier            |    33 |   160 |   103 ||   296
 Cast: Summon Small Mamm |    12 |    11 |       ||    23
       Call Imp          |       |    15 |     8 ||    23
       Mephitic Cloud    |       |     3 |     2 ||     5
 Abil: Breathe Noxious F |       |       |    11 ||    11
  Use: Scroll            |       |     4 |     1 ||     5
       Potion            |       |       |     1 ||     1
 Stab: Sleeping          |     5 |     1 |     1 ||     7
       Confused          |       |     2 |     8 ||    10
Armor: Skin              |    28 |    68 |    39 ||   135
Dodge: Dodged            |    80 |    86 |    59 ||   225
Block: Buckler           |    30 |    42 |    28 ||   100
